 Dungeon Crawl Stone Soup version 0.31-a0-765-g67fe2935dc (webtiles) character file.

Game seed: 15479021272589929246

8904 Armakuni the Frost Mage (level 11, -6/72 HPs)
             Began as a Human Wanderer on Sept 9, 2023.
             Was a Priest of Vehumet.
             Mangled by a sun demon (14 damage)
             ... in a volcano on Sept 15, 2023.
             The game lasted 00:35:52 (9602 turns).

Armakuni the Frost Mage (Human Wanderer)            Turns: 9602, Time: 00:35:52

Health: -6/72      AC: 10    Str: 13    XL:     11   Next: 64%
Magic:  16/18      EV: 16    Int: 18    God:    Vehumet [***...]
Gold:   464        SH:  7    Dex: 11    Spells: 10/20 levels left

rFire   + . .        b - staff of fire
rCold   . . .        e - +3 buckler
rNeg    . . .        u - +2 leather armour {Will+}
rPois   .            f - +1 hat
rElec   .            k - +0 cloak
rCorr   .            n - +1 pair of gloves
SInv    .            i - +0 pair of boots
Will    ++...        R - amulet of regeneration
Stlth   +            E - +5 ring of evasion
HPRegen 1.12/turn    W - ring of willpower
MPRegen 0.16/turn

%: no passive effects
@: freezing walls
A: no striking features
a: Renounce Religion


You were in a volcano.
You worshipped Vehumet.
Vehumet was most pleased with you.
You visited 3 branches of the dungeon, and saw 11 of its levels.
You also visited: Bailey and Volcano.

You collected 602 gold pieces.
You spent 138 gold pieces at shops.

Inventory:

Hand Weapons
 a - a +1 spear of venom
 j - a +0 arbalest
 F - a +1 quarterstaff of flaming
 G - a +3 flail
Missiles
 q - 3 curare-tipped darts (quivered)
Armour
 e - a +3 buckler (worn)
 f - a +1 hat (worn)
 i - a +0 pair of boots (worn)
 k - a +0 cloak (worn)
 n - a +1 pair of gloves (worn)
 u - a +2 leather armour of willpower (worn)
 x - +0 acid dragon scales
Magical Staves
 b - a staff of fire (weapon)
Jewellery
 E - a +5 ring of evasion (left hand)
 H - an amulet of reflection
 I - a ring of positive energy
 K - a ring of resist corrosion
 R - an amulet of regeneration (around neck)
 W - a ring of willpower (right hand)
Talismans
 m - a blade talisman
Wands
 l - a wand of flame (14)
 p - a wand of polymorph (5)
Scrolls
 c - 4 scrolls of teleportation
 d - 3 scrolls of fear
 h - 4 scrolls of noise
 r - 2 scrolls of fog
 t - 3 scrolls of enchant weapon
 v - 2 scrolls of vulnerability
 y - a scroll of butterflies
 L - 2 scrolls of poison
 M - a scroll of identify
 N - a scroll of immolation
Potions
 g - a potion of curing
 s - 2 potions of enlightenment
 w - 2 potions of lignification
 z - 3 potions of mutation
 A - 2 potions of might
 C - a potion of brilliance {unknown}
 D - a potion of magic {unknown}
 J - a potion of cancellation


   Skills:
 - Level 2.0 Fighting
 - Level 0.3 Maces & Flails
 - Level 3.0 Armour
 - Level 3.0 Dodging
 - Level 4.0 Shields
 - Level 5.2 Spellcasting
 - Level 5.0 Hexes
 - Level 2.0 Translocations
 + Level 13.9 Ice Magic
 - Level 5.0 Evocations


You had 10 spell levels left.
You knew the following spells:

 Your Spells              Type           Power      Damage    Failure   Level
a - Apportation           Tloc           22%        N/A       10%         1
e - Metabolic Englaciati  Hex/Ice        19%        N/A       12%         5
f - Freeze                Ice            100%       1d10      1%          1
r - Frozen Ramparts       Ice            100%       1d16      1%          3

Your spell library contained the following spells:

 Spells                   Type           Power      Damage    Failure   Level
 Flame Wave               Conj/Fire      7%         2d5       45%         4
 Lesser Beckoning         Tloc           22%        N/A       14%         2
 Necrotise                Necr           16%        1d4       22%         1
 Summon Small Mammal      Summ           16%        N/A       22%         1
 Gell's Gravitas          Tloc           11%        N/A       28%         3
 Teleport Other           Tloc           11%        N/A       28%         3
 Petrify                  Tmut/Erth      4%         N/A       91%         4
 Alistair's Intoxication  Tmut/Pois      2%         N/A       99%         5
 Borgnjor's Vile Clutch   Necr/Erth      2%         N/A       99%         5
 Eringya's Noxious Bog    Tmut/Pois      2%         4d6       99%         6


Dungeon Overview and Level Annotations

Branches:
Dungeon (9/15)             Temple (1/1) D:4            Lair (1/5) D:9
    Orc (0/2) D:9          Bailey (visited)         Volcano (1/1)

Altars:
Ashenzari
Cheibriados
Dithmenos
Elyvilon
Fedhas
Gozag
Hepliaklqana
Kikubaaqudgha
Makhleb
Nemelex Xobeh
Okawaru
Qazlal
Sif Muna
Trog
Uskayaw
Vehumet
Wu Jian
Xom
Yredelemnul
Zin
The Shining One

Shops:
D:5 (


Message History

The frozen ramparts melt away.
Things that are here:
+0 steam dragon scales; a steam dragon corpse A sun demon comes into view.
Casting: Frozen Ramparts (safe; 1% risk of failure)
Confirm with . or Enter, or press ? or * to list all spells.
Casting: Frozen Ramparts (safe; 1% risk of failure)
Press: ? - help, Dir - look around, f - activate The walls around you are covered in ice.
The sun demon shouts!
The sun demon is frozen!
The wall freezes the sun demon!
The wall freezes the sun demon but does no damage.
The sun demon is frozen!
The wall freezes the sun demon!
The sun demon hits you but does no damage.
You closely miss the sun demon.
The sun demon is moderately wounded.
The wall freezes the sun demon but does no damage.
The sun demon hits you!
You are engulfed in flames!
You resist.
You hit the sun demon but do no damage.
The sun demon is moderately wounded.
The sun demon is frozen!
The wall freezes the sun demon!
The sun demon hits you!!
You are engulfed in flames.
You resist.
The wall freezes the sun demon.
The sun demon completely misses you.
You barely miss the sun demon.
The sun demon is heavily wounded.
The wall freezes the sun demon but does no damage.
The sun demon completely misses you.
You barely miss the sun demon.
The sun demon is heavily wounded.
The wall freezes the sun demon but does no damage.
The sun demon hits you!!
* * * LOW HITPOINT WARNING * * *
You are engulfed in flames!
You resist.
* * * LOW HITPOINT WARNING * * *
Okay, then.
Okay, then.
You feel better.
The wall freezes the sun demon but does no damage.
The sun demon hits you!
You die...

##..#..#§§§§.##..#
#######3........#
###.......#
#.......#
##......# #...##.#
#......# #####3.#
##.#@.# ##..[.##
#∩.∩..# ##...##
##.## ###


You could see a sun demon.

Vanquished Creatures
  A two-headed ogre (D:9)
  A boulder beetle (Lair:1)
  A sun demon (Volcano)
  A gargoyle (D:6)
  A rime drake (Lair:1)
  A komodo dragon (D:9)
  A hornet (D:9)
  Grinder (D:5)
  7 yaks
  A wyvern (D:8)
  5 steam dragons
  Duvessa (D:7)
  2 acid dragons (D:9)
  A water moccasin (D:6)
  An ice beast (D:7)
  A black bear (D:7)
  12 orc warriors
  2 sky beasts
  4 centaurs
  A phantom (D:4)
  3 kobold brigands (D:9)
  2 bullfrogs
  A gnoll sergeant (D:7)
  3 scorpions
  7 wights (D:8)
  Dowan (D:7)
  5 killer bees (D:9)
  A howler monkey (D:8)
  3 jellies (D:4)
  4 hounds
  A gnoll bouda (D:9)
  An orc priest (D:6)
  A sleepcap (D:7)
  2 iguanas (D:6)
  3 orc wizards
  8 gnolls
  4 adders
  A shadow imp (D:7)
  An ufetubus (D:6)
  A worm (D:2)
  3 dart slugs
  36 orcs
  8 endoplasms
  3 giant cockroaches
  5 goblins
  7 hobgoblins
  A quokka (D:4)
  3 ball pythons
  2 bats
  3 frilled lizards
  16 kobolds
  5 rats
191 creatures vanquished.

Vanquished Creatures (others)
  2 orcs (D:9)
2 creatures vanquished.

Grand Total: 193 creatures vanquished

Notes
Turn   | Place    | Note
-------+----------+-------------------------------------------
     0 | D:1      | Armakuni the Human Wanderer began the quest for the Orb.
     0 | D:1      | Armakuni set off with the following items: a +0 club, a +0
                  | pair of boots, a scroll of teleportation, a +0 robe, a +2
                  | buckler; and the following spell memorised: Freeze; and the
                  | following spells available to memorise: Frozen Ramparts.
     0 | D:1      | Reached XP level 1. HP: 16/16 MP: 4/4
   138 | D:1      | Reached skill level 1 in Ice Magic
   159 | D:1      | Reached XP level 2. HP: 22/22 MP: 3/6
   252 | D:1      | Found a faded altar of an unknown god.
   748 | D:1      | Reached skill level 2 in Ice Magic
  1046 | D:1      | Reached XP level 3. HP: 21/27 MP: 3/7
  1334 | D:2      | Reached skill level 3 in Ice Magic
  1341 | D:2      | Learned a level 3 spell: Frozen Ramparts
  1410 | D:2      | Reached XP level 4. HP: 33/33 MP: 5/8
  2551 | D:4      | Reached skill level 4 in Ice Magic
  2551 | D:4      | Reached XP level 5. HP: 28/38 MP: 0/9
  2761 | D:4      | Reached skill level 5 in Ice Magic
  2886 | D:4      | Noticed a phantom
  2911 | D:4      | Killed a phantom
  2912 | D:4      | Reached XP level 6. HP: 44/44 MP: 10/10
  2974 | D:4      | Found a staircase to the Ecumenical Temple.
  2991 | D:4      | Learned a level 1 spell: Apportation
  2993 | Temple   | Entered the Ecumenical Temple
  3048 | Temple   | Became a worshipper of Vehumet
  3418 | D:5      | Entered Level 5 of the Dungeon
  3430 | D:5      | Reached skill level 6 in Ice Magic
  3591 | D:5      | HP: 2/44 [gnoll/+0 halberd (4)]
  3898 | D:5      | Reached XP level 7. HP: 43/50 MP: 9/11
  3932 | D:5      | Found Fivets's Antique Weapon Emporium.
  4046 | D:5      | Noticed Grinder
  4064 | D:5      | Paralysed by Grinder for 4 turns
  4072 | D:5      | Killed Grinder
  4073 | D:5      | Reached skill level 7 in Ice Magic
  4146 | D:5      | Bought a runed spear for 138 gold pieces
  4570 | D:6      | Noticed a gargoyle
  4629 | D:6      | Noticed a water moccasin
  4636 | D:6      | Killed a water moccasin
  4637 | D:6      | Reached XP level 8. HP: 22/56 MP: 7/12
  5217 | D:6      | Reached skill level 5 in Evocations
  5400 | D:6      | Killed a gargoyle
  5401 | D:6      | Reached skill level 8 in Ice Magic
  5401 | D:6      | Reached XP level 9. HP: 53/61 MP: 13/13
  5589 | D:7      | Noticed Duvessa
  5589 | D:7      | Noticed Dowan
  5595 | D:7      | Killed Dowan
  5606 | D:7      | Killed Duvessa
  5794 | D:7      | Reached skill level 9 in Ice Magic
  5801 | D:7      | Reached * piety under Vehumet
  5801 | D:7      | Offered knowledge of Magic Dart by Vehumet.
  5942 | D:7      | Found a flagged portal.
  5960 | Bailey   | Entered a bailey
  5961 | Bailey   | Upgraded the game from 0.31-a0-705-ga145531891 to
                  | 0.31-a0-765-g67fe2935dc
  6100 | Bailey   | Reached skill level 10 in Ice Magic
  6303 | Bailey   | Reached skill level 5 in Spellcasting
  6317 | Bailey   | Offered knowledge of Shock by Vehumet.
  6337 | Bailey   | Reached XP level 10. HP: 53/67 MP: 17/17
  6391 | Bailey   | Noticed an orc knight
  6391 | Bailey   | Noticed an orc knight
  6391 | Bailey   | Noticed an orc knight
  6623 | D:7      | Reached ** piety under Vehumet
  7061 | D:8      | Reached skill level 11 in Ice Magic
  8168 | D:9      | Offered knowledge of Dazzling Flash by Vehumet.
  8175 | D:9      | Learned a level 5 spell: Metabolic Englaciation
  8183 | D:9      | Noticed a two-headed ogre
  8190 | D:9      | Killed a two-headed ogre
  8410 | D:9      | Reached *** piety under Vehumet
  8664 | D:9      | Reached skill level 5 in Hexes
  8664 | D:9      | Reached skill level 1 in Translocations
  8664 | D:9      | Reached skill level 12 in Ice Magic
  8664 | D:9      | Reached XP level 11. HP: 72/72 MP: 18/18
  8745 | D:9      | Found a staircase to the Lair.
  8830 | D:9      | Offered knowledge of Flame Wave by Vehumet.
  8845 | D:9      | Paralysed by a hornet for 2 turns
  9126 | D:9      | Found a staircase to the Orcish Mines.
  9334 | Lair:1   | Entered Level 1 of the Lair of Beasts
  9337 | Lair:1   | Noticed a boulder beetle
  9352 | Lair:1   | Reached skill level 13 in Ice Magic
  9356 | Lair:1   | Killed a boulder beetle
  9474 | Lair:1   | Found a dark tunnel.
  9482 | Volcano  | Entered a volcano
  9537 | Volcano  | Noticed a sun demon
  9553 | Volcano  | Killed a sun demon
  9595 | Volcano  | Noticed a sun demon
  9601 | Volcano  | HP: 1/72 [sun demon (9)]
  9602 | Volcano  | Mangled by a sun demon

Illustrated notes

Levels and vault maps discovered:
D:1:      moated_graveyard_arrival, layout_basic,
          chequers_ecumenical_altar_simple_redux
D:2:      layout_rooms, kennysheep_another_room, due_unseen_surprise
D:3:      layout_loops_ring
D:4:      layout_basic, minmay_temple_entry_offerings
D:5:      layout_loops_ring, serial_shops, nicolae_lakefront_shop,
          nicolae_twisty_statue_hallways, uniq_grinder
D:6:      layout_loops_ring
D:7:      layout_loops_ring, enter_bailey_2, uniq_duvessa
D:8:      layout_gridville
D:9:      layout_cave_pools, david_lair_shrubbed, hiddenorc1_lemuel,
          minmay_circle_x
Temple:   mainiacjoe_temple_starburst
Lair:1:   statuecave_lemuel, layout_small_grid, enter_volcano_1,
          grunt_megastairs_1, uniq_joseph
Volcano:  hellmonk_smoking_crater

Skill      XL: |  1  2  3  4  5  6  7  8  9 10 11 |
---------------+----------------------------------+-----
Ice Magic      | 1 2 3 4 5 6 7 8 10 12 13 | 13.9
Evocations     | 2 5 |  5.0
Armour         | 3 |  3.0
Dodging        | 3 |  3.0
Spellcasting   | 5 |  5.2
Shields        | 4 |  4.0
Hexes          | 5 |  5.0
Translocations | 1 2 |  2.0
Fighting       | |  2.0
Maces & Flails | |  0.3

Action                     |  1- 3 |  4- 6 |  7- 9 | 10-12 || total
---------------------------+-------+-------+-------+-------++-------
  Melee: Club              |    38 |       |       |       ||    38
         Quarterstaff      |     9 |   107 |    19 |       ||   135
         Spear             |       |       |   150 |   212 ||   362
         Staff             |       |       |       |    13 ||    13
  Throw: Dart              |       |       |       |     5 ||     5
   Cast: Freeze            |    34 |    33 |     4 |     2 ||    73
         Frozen Ramparts   |       |     1 |    16 |    28 ||    45
         Metabolic Englaci |       |       |       |     2 ||     2
  Evoke: Wand              |       |       |     4 |    14 ||    18
    Use: Scroll            |       |    12 |    11 |     4 ||    27
         Potion            |       |     3 |     4 |     4 ||    11
   Stab: Sleeping          |     1 |     2 |       |       ||     3
 Armour: Robe              |    53 |    22 |       |       ||    75
         Leather armour    |       |    49 |    72 |    92 ||   213
         Skin              |       |    20 |    17 |       ||    37
  Dodge: Dodged            |    54 |    78 |    67 |   100 ||   299
  Block: Buckler           |    15 |       |   113 |   137 ||   265
         Other             |       |     9 |     4 |       ||    13
         Reflection        |       |       |    16 |    15 ||    31

Table legend: (Time is in decaauts)
 A = Elapsed time spent in this place.
 B = Non-inter-level travel time spent in this place.
 C = Inter-level travel time spent in this place.
 D = Time resting spent in this place.
 E = Time spent auto-exploring this place.
 F = Levels seen in this place.
 G = Mean time per level.
                   A        B        C        D        E       F      G
               +--------+--------+--------+--------+--------+-----+--------+
         Total |   9725 |   9237 |    488 |   1660 |   5465 |  13 |  748.1 |
       Dungeon |   8893 |   8504 |    389 |   1451 |   5302 |   9 |  988.1 |
        Temple |    108 |      9 |     99 |      0 |      0 |   1 |  108.0 |
          Lair |    155 |    155 |      0 |     12 |      0 |   1 |  155.0 |
        Bailey |    444 |    444 |      0 |    162 |    139 |   1 |  444.0 |
       Volcano |    122 |    122 |      0 |     35 |     24 |   1 |  122.0 |
               +--------+--------+--------+--------+--------+-----+--------+

Top non-repeatable levels by time:
     D:5: 1365 daAuts
     D:8: 1244 daAuts
     D:1: 1157 daAuts
     D:9: 1114 daAuts
     D:7: 991 daAuts
     D:4: 846 daAuts
     D:6: 829 daAuts
     D:3: 778 daAuts
     D:2: 566 daAuts
  Bailey: 444 daAuts
  Lair:1: 155 daAuts
 Volcano: 122 daAuts
  Temple: 108 daAuts
